 Dungeon Crawl Stone Soup version 0.32-a0-171-g4625e66871 (webtiles) character file.

Game seed: 9134839920245310839

57 Kenran the Slasher (level 3, -7/46 HPs)
             Began as a Minotaur Cinder Acolyte on Feb 12, 2024.
             Was a High Priest of Ignis.
             Killed by divine providence
             ... invoked by an orc priest
              (9 damage)
             ... on level 3 of the Dungeon.
             The game lasted 00:03:16 (2420 turns).

Kenran the Slasher (Minotaur Cinder Acolyte)        Turns: 2420, Time: 00:03:17

Health: -7/46      AC: 21    Str: 18    XL:     3   Next: 73%
Magic:  0/3        EV:  2    Int: 11    God:    Ignis [*****.]
Gold:   137        SH:  0    Dex:  7    Spells: 4/4 levels left

rFire   + . .        a - -1 falchion (flame)
rCold   . . .        (no shield)
rNeg    . . .        i - melded +0 scale mail
rPois   +            (helmet currently unavailable)
rElec   .            (cloak currently unavailable)
rCorr   .            g - melded +0 pair of gloves
SInv    .            (boots currently unavailable)
Will    .....        b - amulet of guardian spirit
Stlth   +            (no ring)
HPRegen 0.27/turn    (no ring)
MPRegen 0.08/turn

%: guardian spirit
@: lethally poisoned (-7 -> -11), tree-form (expiring)
A: stationary, stasis, torment immunity, boosted hp, (horns 2), (retaliatory
headbutt)
a: Renounce Religion, Fiery Armour, Foxfire Swarm, Rising Flame


You were on level 3 of the Dungeon.
You worshipped Ignis.
Ignis was extremely pleased with you.
You were a tree.
You visited 1 branch of the dungeon, and saw 3 of its levels.

You collected 137 gold pieces.

Inventory:

Hand Weapons
 a - a -1 falchion of flaming (weapon)
Armour
 g - a +0 pair of gloves (melded)
 i - a +0 scale mail (melded)
Jewellery
 b - an amulet of guardian spirit (around neck)
Scrolls
 d - 6 scrolls of teleportation
 f - a scroll of immolation {!r}
 h - 5 scrolls of identify {@r1}
Potions
 c - 2 potions of lignification {!q}


   Skills:
 - Level 3.6 Fighting
 + Level 5.7 Long Blades
 - Level 1.0 Spellcasting
 - Level 2.1 Fire Magic


You had 4 spell levels left.
You didn't know any spells.
Your spell library contained the following spells:

 Spells                   Type           Power      Damage    Failure   Level
 Scorch                   Fire           10%        2d5       21%         2
 Magic Dart               Conj           0%         1d3       32%         1
 Blink                    Tloc           0%         N/A       43%         2
 Call Imp                 Summ           0%         N/A       43%         2
 Lesser Beckoning         Tloc           0%         N/A       43%         2
 Momentum Strike          Conj/Tloc      0%         3d8       43%         2
 Searing Ray              Conj           0%         2d4       43%         2
 Summon Ice Beast         Ice/Summ       0%         N/A       67%         3
 Fulminant Prism          Conj/Alch      0%         3d5       97%         4
 Summon Mana Viper        Hex/Summ       0%         N/A       100%        5
 Monstrous Menagerie      Summ           0%         N/A       100%        7


Dungeon Overview and Level Annotations

Branches:
Dungeon (3/15)

Altars:
Ru
Trog

Annotations:
D:3 3 runed translucent doors, Crazy Yiuf; EC1's ghost, amateur MfGl


Innate Abilities, Weirdness & Mutations

You are a tree.
Your roots penetrate the ground, keeping you stationary.
You cannot be teleported.
You are immune to unholy pain and torment.
Your maximum health is greatly increased.
Your equipment is partially melded.
((You have a pair of horns on your head.))
((You reflexively headbutt those who attack you in melee.))


Message History

You feel sick.
The orc priest hits you but does no damage.
Something hits you.
You barely miss the orc priest.
You feel sick.
The orc priest begins to cast a cantrip, but forgets the words!
Something hits you.
You closely miss the orc priest.
You feel sick.
The orc priest casts a cantrip, but nothing happens.
Something hits you.
You are more poisoned.
You hit the orc priest. You burn the orc priest.
The orc priest is lightly wounded.
You feel very sick.
You hear some strange, mumbled words.
A magic dart appears from out of thin air!
The magic dart hits you but does no damage.
The orc priest hits you with a +0 club.
You barely miss the orc priest.
The orc priest is lightly wounded.
* * * LOW HITPOINT WARNING * * *
You feel very sick.
The orc priest hits you but does no damage.
Something hits you but does no damage.
You hit the orc priest. You burn the orc priest.
The orc priest is heavily wounded.
You feel sick. Something hits you but does no damage.
The orc priest hits you but does no damage.
You barely miss the orc priest.
The orc priest is heavily wounded.
You feel sick. The orc priest hits you with a +0 club.
* * * LOW HITPOINT WARNING * * *
Something hits you but does no damage.
You barely miss the orc priest.
The orc priest is heavily wounded.
* * * LOW HITPOINT WARNING * * *
You feel sick.
The orc priest calls down the wrath of Beogh upon you.
Beogh smites you!
You die...
Ignis goes out, and joins you in death.

##...##....
########.##....
###.........#....
##................
#..#...........###
#.######.....#..#
#.# $..##....##.#
#{#.ß.ß.#....##.##
#♣og...⁂#######..#
###.ß.ß$#.........
#.$$##.........
#### .........
.........
.........
.........
.........
#########


You could see an orc priest and a hobgoblin.

Vanquished Creatures
  An adder (D:2)
  A dart slug (D:1)
  2 ribbon worms
  An orc (D:3)
  2 endoplasms
  3 giant cockroaches
  3 goblins
  7 hobgoblins
  A quokka (D:3)
  3 ball pythons (D:2)
  4 bats
  4 frilled lizards
  5 kobolds
  3 rats
40 creatures vanquished.

Notes
Turn   | Place    | Note
-------+----------+-------------------------------------------
     0 | D:1      | Kenran the Minotaur Cinder Acolyte began the quest for the
                  | Orb.
     0 | D:1      | Reached XP level 1. HP: 19/19 MP: 1/1
   243 | D:1      | Reached skill level 4 in Long Blades
   758 | D:1      | Reached XP level 2. HP: 26/26 MP: 2/2
  1046 | D:2      | Reached skill level 5 in Long Blades
  1116 | D:2      | Reached XP level 3. HP: 26/31 MP: 3/3
  1374 | D:2      | Found a bloodstained altar of Trog.
  1659 | D:3      | Found a runed translucent door.
  1659 | D:3      | Noticed a bullfrog
  1660 | D:3      | Noticed EC1's ghost (amateur MfGl)
  1709 | D:3      | Found a sacrificial altar of Ru.
  1925 | D:3      | Found a runed translucent door.
  1926 | D:3      | Noticed Crazy Yiuf
  2179 | D:3      | Found a runed translucent door.
  2420 | D:3      | HP: 2/46 [poisoned by an orc wizard]
  2420 | D:3      | Killed from afar by an orc priest

Illustrated notes

Levels and vault maps discovered:
D:1:      lightli_arrival_flooded_house, layout_loops_ring,
          serial_co_window_serial, co_window_paths_b,
          co_window_of_opportunity_a, co_window_of_opportunity_a,
          co_window_paths_a, co_window_paths_b, co_window_2corner,
          co_window_corner_cb, co_window_cross_4, co_window_corner_ca,
          co_window_cross_2, co_window_unsneaky_path_a, co_window_paths_d
D:2:      layout_loops_cross, basic_altar
D:3:      layout_basic, mainiacjoe_overflow_brackets, ebering_ghost_sewer_f,
          minmay_misc_feat_five, grunt_ministairs_8, kennysheep_orc_chapel,
          uniq_crazy_yiuf_cottage

Skill      XL: |  1  2 |
---------------+-------+-----
Long Blades    | 4 5 |  5.7
Fighting       | |  3.6
Spellcasting   | |  1.0
Fire Magic     | |  2.1

Action                     || total
---------------------------++-------
  Melee: Falchion          ||   107
         Headbutt          ||     8
    Use: Scroll            ||     4
         Potion            ||     2
 Armour: Ring mail         ||    47
         Skin              ||    35
         Scale mail        ||    11
  Dodge: Dodged            ||    45

Table legend: (Time is in decaauts)
 A = Elapsed time spent in this place.
 B = Non-inter-level travel time spent in this place.
 C = Inter-level travel time spent in this place.
 D = Time resting spent in this place.
 E = Time spent auto-exploring this place.
 F = Levels seen in this place.
 G = Mean time per level.
                   A        B        C        D        E       F      G
               +--------+--------+--------+--------+--------+-----+--------+
         Total |   2425 |   2379 |     46 |     75 |   1852 |   3 |  808.3 |
       Dungeon |   2425 |   2379 |     46 |     75 |   1852 |   3 |  808.3 |
               +--------+--------+--------+--------+--------+-----+--------+

Top non-repeatable levels by time:
     D:1: 955 daAuts
     D:3: 805 daAuts
     D:2: 664 daAuts
